 Dungeon Crawl Stone Soup version 0.26-a0-958-gf3041fb45f (webtiles) character file.

Game seed: 4563205331745071048

21 miscthings the Vexing (level 2, -1/15 HPs)
             Began as a Vampire Enchanter on Nov 30, 2020.
             Slain by a frilled lizard (3 damage)
             ... on level 2 of the Dungeon.
             The game lasted 00:00:51 (540 turns).

miscthings the Vexing (Vampire Enchanter)            Turns: 540, Time: 00:00:51

Health: -1/15      AC:  2    Str:  7    XL:     2   Next: 62%
Magic:  0/5        EV: 12    Int: 17    God:
Gold:   69         SH:  0    Dex: 14    Spells: 2/5 levels left

rFire    . . .     SeeInvis +   a - +1 dagger
rCold    + + .     Faith    .   (no shield)
rNeg     + + +     Spirit   .   b - +0 robe
rPois    ∞         Reflect  .   (no helmet)
rElec    .         Harm     .   (no cloak)
rCorr    .         Rampage  .   (no gloves)
MR       .....                  (no boots)
Stlth    +++++.....             (no amulet)
HPRegen  0.00/turn              (no ring)
MPRegen  0.09/turn              (no ring)

@: bloodless
A: fangs 3, see invisible, unbreathing
a: Revivify


You were on level 2 of the Dungeon.
You visited 1 branch of the dungeon, and saw 2 of its levels.

You collected 69 gold pieces.

Inventory:

Hand Weapons
 a - a +1 dagger (weapon)
Armour
 b - a +0 robe (worn)
Scrolls
 d - a scroll of blinking {unknown}
 f - a scroll of enchant weapon {unknown}
 g - a scroll of amnesia {unknown}
 i - a scroll of random uselessness {unknown}
 j - 2 scrolls of identify {unknown}
Potions
 c - a potion of flight {unknown}
 e - a potion of heal wounds {unknown}
 h - a potion of mutation {unknown}
 k - a potion of lignification {unknown}


   Skills:
 - Level 1.1 Short Blades
 - Level 2.1 Dodging
 - Level 4.4 Stealth
 + Level 2.3 Spellcasting
 + Level 5.5 Hexes


You had 2 spell levels left.
You knew the following spells:

 Your Spells              Type           Power        Failure   Level
a - Ensorcelled Hibernat  Hex/Ice        ##....       9%          2
b - Corona                Hex            ###....      1%          1

Your spell library contained the following spells:

 Spells                   Type           Power        Failure   Level
 Confusing Touch          Hex            ###.....     6%          3
 Tukima's Dance           Hex            ###.....     6%          3
 Dazzling Flash           Conj/Hex       ##....       19%         3


Dungeon Overview and Level Annotations

Branches:
Dungeon (2/15)

Altars:


Innate Abilities, Weirdness & Mutations

You do not regenerate when monsters are visible.
You are frail without blood (-20% HP).
You can heal yourself when you bite living creatures.
You are immune to poison.
You have razor-sharp teeth.
You have supernaturally acute eyesight. (SInv)
You can survive without breathing.


Message History

* * * LOW HITPOINT WARNING * * *
The adder bites you but does no damage. The adder closely misses you.
Casting: Ensorcelled Hibernation (safe; 10% risk of failure)
Confirm with . or Enter, or press ? or * to list all spells.
Aiming: Ensorcelled Hibernation (safe; 10% risk of failure)
Press: ? - help, Shift-Dir - straight line, f/p - adder
Aim: an adder (lightly wounded, chance to defeat MR: 50%)
The adder looks drowsy...
The helpless adder fails to defend itself.
You bite the adder, and draw its blood!
You feel better.
You impale the adder!!
You kill the adder!
You miss the frilled lizard. The frilled lizard closely misses you.
You miss the frilled lizard. The frilled lizard bites you.
* * * LOW HITPOINT WARNING * * *
You closely miss the frilled lizard. Your bite misses the frilled lizard.
The frilled lizard bites you.
* * * LOW HITPOINT WARNING * * *
You closely miss the frilled lizard. The frilled lizard bites you.
You die...

########## #.....
.........# #.....
#########.# #.....
#...#.#...###...†.
#.#.#.......'.....
#.#l#.#.#####.....
#.#)#.......####..
#l#.#.....#.# #..
#####@#...#.#.#
#..
#.......#...#.#
#..
#.......#.###.#.
##. #.........#.#
... #.
#.#.......#.# #...
#. # #.......#.#
.....##.
###+#+###.#
........ .#
.....#< #.......


You could see a frilled lizard.

Vanquished Creatures
  An adder (D:2)
  A dart slug (D:1)
  2 bats
  A giant cockroach (D:1)
  4 hobgoblins
9 creatures vanquished.

Notes
Turn   | Place    | Note
-------+----------+-------------------------------------------
     0 | D:1      | miscthings the Vampire Enchanter began the quest for the
                  | Orb.
     0 | D:1      | Reached XP level 1. HP: 13/13 MP: 3/3
   350 | D:1      | Reached skill level 5 in Hexes
   361 | D:1      | Reached XP level 2. HP: 19/19 MP: 5/5
   513 | D:2      | Learned a level 2 spell: Ensorcelled Hibernation
   540 | D:2      | Slain by a frilled lizard

Illustrated notes

Levels and vault maps discovered:
D:1:      minmay_arrival_plants_in_alcoves, layout_rooms
D:2:      layout_basic, marbit_many_paths

Skill      XL: |  1 |
---------------+----+-----
Hexes          | 5 |  5.5
Short Blades   | |  1.1
Dodging        | |  2.1
Stealth        | |  4.4
Spellcasting   | |  2.3

Action                   || total
-------------------------++-------
Melee: Dagger            ||    28
       Bite              ||     3
 Cast: Ensorcelled Hiber ||     3
 Abil: Exsanguinate      ||     1
 Stab: Sleeping          ||     7
Armor: Robe              ||     3
Dodge: Dodged            ||    15

Table legend: (Time is in decaauts)
 A = Elapsed time spent in this place.
 B = Non-inter-level travel time spent in this place.
 C = Inter-level travel time spent in this place.
 D = Time resting spent in this place.
 E = Time spent auto-exploring this place.
 F = Levels seen in this place.
 G = Mean time per level.
                   A        B        C        D        E       F      G
               +--------+--------+--------+--------+--------+-----+--------+
         Total |    538 |    529 |      9 |      0 |    422 |   2 |  269.0 |
       Dungeon |    538 |    529 |      9 |      0 |    422 |   2 |  269.0 |
               +--------+--------+--------+--------+--------+-----+--------+

Top non-repeatable levels by time:
     D:1: 471 daAuts
     D:2: 66 daAuts
